 Dungeon Crawl Stone Soup version 0.24.0-7-gb3623d2c88 (webtiles) character file.

Game seed: 3008115885244949574, levelgen mode: deterministic

60731 Lanoc the Severer (level 14, -9/126 HPs)
             Began as a Grey Draconian Gladiator on Nov 2, 2019.
             Was a Priest of Uskayaw.
             Killed from afar by an ice dragon (49 damage)
             ... with a blast of cold
             ... in an ice cave.
             The game lasted 00:44:00 (20915 turns).

Lanoc the Severer (Grey Draconian Gladiator)       Turns: 20915, Time: 00:44:04

Health: -9/126     AC: 22    Str: 18    XL:     14   Next: 58%
Magic:  24/24      EV: 20    Int:  9    God:    Uskayaw [***...]
Gold:   1022       SH:  5    Dex: 16    Spells: 11/13 levels left

rFire    . . .     SeeInvis +   a - +1 war axe (flame)
rCold    . . .     Gourm    .   J - +0 buckler
rNeg     . . .     Faith    .   (armour unavailable)
rPois    .         Spirit   .   R - +2 hat {MR+}
rElec    .         Reflect  .   (no cloak)
rCorr    .         Harm     .   s - +2 pair of gloves
MR       ++...                  (no boots)
Stlth    +.........             o - amulet of magic regeneration
HPRegen  0.31/turn              z - ring of see invisible
MPRegen  0.44/turn              t - +4 ring of protection

@: no status effects
A: walk through water, unfitting armour, unbreathing, cold-blooded, AC +13
a: Stomp, Line Pass, Renounce Religion


You were in an ice cave.
You worshipped Uskayaw.
Uskayaw was pleased with you.
You were hungry.

You visited 4 branches of the dungeon, and saw 22 of its levels.
You also visited: Ice Cave.

You collected 2018 gold pieces.
You spent 996 gold pieces at shops.

Inventory:

Hand Weapons
 a - a +1 war axe of flaming (weapon)
 N - the +10 lajatang of Cataclysm {antimagic, rPois Str-5 Dex+6}
   (You acquired it on level 2 of the Orcish Mines)

   It reduces the magical energy of the wielder, and disrupts the spells and
   magical abilities of those hit.
   Natural abilities and divine invocations are not affected.
   It affects your strength (-5).
   It affects your dexterity (+6).
   It protects you from poison.
Missiles
 b - 2 throwing nets (quivered)
 w - 4 curare-tipped darts
Armour
 s - a +2 pair of gloves (worn)
 J - a +0 buckler (worn)
 L - a +2 shield
 R - a +2 hat of magic resistance (worn)
Jewellery
 f - an uncursed ring of flight
 o - an amulet of magic regeneration (around neck)
 t - a +4 ring of protection (right hand)
 y - an uncursed ring of magical power
 z - a ring of see invisible (left hand)
 B - an uncursed ring of positive energy
Wands
 k - a wand of iceblast (13)
 r - a wand of digging (5)
 E - a wand of flame (14)
 G - a wand of random effects (16)
 M - a wand of acid (6)
 O - a wand of polymorph (6)
 T - a wand of enslavement (10)
Scrolls
 g - 12 scrolls of teleportation
 m - 2 scrolls of magic mapping
 p - 3 scrolls of amnesia
 q - a scroll of enchant armour
 A - 2 scrolls of fear
 H - a scroll of holy word
 I - 4 scrolls of remove curse
 K - a scroll of immolation
 P - 3 scrolls of enchant weapon
 Q - a scroll of identify
Potions
 c - 3 potions of lignification
 e - 4 potions of brilliance
 h - 2 potions of ambrosia
 j - 5 potions of mutation
 l - 14 potions of curing
 n - 5 potions of might
 u - 5 potions of resistance
 v - 2 potions of flight
 x - 3 potions of invisibility
 D - a potion of haste
 F - 5 potions of heal wounds
Miscellaneous
 i - 2 boxes of beasts
 S - a fan of gales
Comestibles
 d - 37 rations


   Skills:
 + Level 12.2 Fighting
 * Level 15.5 Axes
 - Level 1.7 Throwing
 + Level 10.7 Dodging
 - Level 4.0 Shields
 * Level 13.6 Invocations


You had 11 spell levels left.
You knew the following spells:

 Your Spells              Type           Power        Failure   Level  Hunger
a - Apportation           Tloc           #.....       38%         1    ##.....
b - Summon Butterflies    Summ           #.......     38%         1    ##.....

Your spell library contained the following spells:

 Spells                   Type           Power        Failure   Level  Hunger
 Animate Skeleton         Necr           N/A          38%         1    ##.....
 Beastly Appendage        Tmut           #.....       38%         1    ##.....
 Confusing Touch          Hex            #.....       38%         1    ##.....
 Infusion                 Chrm           #...         38%         1    ##.....
 Summon Small Mammal      Summ           #...         38%         1    ##.....
 Shroud of Golubria       Chrm/Tloc      #.....       52%         2    ###....
 Song of Slaying          Chrm           #.......     52%         2    ###....
 Sticks to Snakes         Tmut           #.......     52%         2    ###....
 Sublimation of Blood     Necr           #.........   52%         2    ###....
 Confuse                  Hex            #.......     77%         3    ####...
 Gell's Gravitas          Tloc           #.........   77%         3    ####...
 Regeneration             Chrm/Necr      #.........   77%         3    ####...
 Spectral Weapon          Hex/Chrm       #.......     77%         3    ####...
 Spider Form              Tmut/Pois      #.........   77%         3    ####...
 Ice Form                 Ice/Tmut       #.......     99%         4    #####..
 Petrify                  Tmut/Erth      #.......     99%         4    #####..
 Blade Hands              Tmut           #.........   100%        5    ######.
 Excruciating Wounds      Chrm/Necr      #.........   100%        5    ######.
 Metabolic Englaciation   Hex/Ice        #.........   100%        5    ######.
 Yara's Violent Unravell  Hex/Tmut       #.........   100%        5    ######.
 Dragon's Call            Summ           #.........   100%        9    #######


Dungeon Overview and Level Annotations

Branches:
Dungeon (13/15)            Temple (1/1) D:5            Lair (6/6) D:9
  Swamp (0/4) Lair:4        Snake (0/4) Lair:2        Slime (0/5) Lair:5
    Orc (2/2) D:12            Elf (0/3) Orc:2         IceCv (1/1)
 Vaults: D:13-14

Altars:
Cheibriados
Elyvilon
Kikubaaqudgha
Makhleb
Nemelex Xobeh
Qazlal
Sif Muna
Uskayaw
Vehumet
Xom
Yredelemnul
Zin
The Shining One
Beogh
Jiyva

Shops:
D:6 ?   D:7 %   Orc:1 [   Orc:2 %?*}

Annotations:
D:2 1 transporter
D:13 Urug


Innate Abilities, Weirdness & Mutations

You can walk through water.
Your dull iron-grey scales are very hard. (AC +13)
You cannot fit into any form of body armour.
You can survive without breathing.
You are cold-blooded and may be slowed by cold attacks.


Message History

You hit the ice dragon but do no damage.
The ice dragon is lightly wounded.
The ice dragon breathes frost at you. The blast of cold hits you!!
You hit the ice dragon. You burn the ice dragon.
You tail-slap the ice dragon, but do no damage.
The ice dragon is lightly wounded.
Uskayaw will force your foes to helplessly watch your dance.
Uskayaw prepares the audience for your solo!
The helpless ice dragon fails to defend itself.
You slash the ice dragon! You burn the ice dragon!
You tail-slap the ice dragon, but do no damage.
The ice dragon is moderately wounded.
The helpless ice dragon fails to defend itself.
You slice the ice dragon!! You burn the ice dragon!
The ice dragon is severely wounded.
The ice dragon is no longer paralysed.
The ice dragon breathes frost at you. The blast of cold hits you!!!
You die...

#.=$#
##=$..
#$=...##
#$.....#
#$.....#
#$$....##
#$$$....#
#.D# ##@#
##..#
#...#
#####..#
##...#.##
#..#...#
##.##..#
#..#.##
###.###


You could see an ice dragon.

Vanquished Creatures
  Gastronok (Lair:2)
  A dire elephant (Lair:4)
  Erolcha (D:11)
  Fannar (Lair:2)
  4 hydras
  An ice dragon (IceCv)
  A centaur warrior (D:13)
  Harold (Lair:2)
  2 two-headed ogres
  Sonja (Lair:1)
  The ghost of Qawul the Geomancer, a novice DEEE of Vehumet (D:9)
  6 orc sorcerers (Orc:2)
  2 cyclopes
  An ugly thing (D:13)
  2 manticores (D:12)
  16 elephants (Lair:4)
  2 ice statues (IceCv)
  3 black mambas
  3 gargoyles
  4 komodo dragons
  3 rime drakes
  A torpor snail (Lair:3)
  4 spiny frogs
  A yaktaur (shapeshifter) (D:13)
  A yaktaur (D:12)
  4 polar bears
  3 trolls
  A hornet (D:8)
  15 blink frogs
  12 dream sheep (Lair:4)
  7 hippogriffs
  A shadow (D:11)
  35 yaks
  4 spriggans
  2 wyverns
  3 basilisks
  5 insubstantial wisps (Lair:4)
  Menkaure (D:2)
  3 hungry ghosts
  5 wargs (Orc:2)
  An acid dragon (D:12)
  14 water moccasins
  9 porcupines
  9 orc warriors
  A swamp drake (D:12)
  5 black bears
  19 ice beasts
  A phantom (D:12)
  An eye of draining (D:12)
  3 sky beasts
  A necrophage (D:9)
  7 ogres
  27 wolves
  13 crocodiles
  10 centaurs
  3 big kobolds (D:10)
  Blork the orc (D:4)
  13 bullfrogs
  A gnoll sergeant (D:6)
  A water moccasin zombie (D:6)
  A wyvern skeleton (D:9)
  A water moccasin skeleton (D:4)
  5 scorpions
  6 wights
  20 killer bees
  3 howler monkeys (D:12)
  A bullfrog zombie (D:12)
  4 centaur zombies
  3 crimson imps
  2 jellies
  2 bullfrog skeletons
  8 orc priests
  39 orc wizards
  6 hounds
  Terence (D:2)
  5 centaur skeletons
  5 iguanas
  Ijyb (D:4)
  6 worker ants
  A hound zombie (D:8)
  A mummy (D:2)
  2 hound skeletons
  A worker ant zombie (D:8)
  5 gnolls (D:6)
  13 adders
  2 shadow imps
  An ooze (D:1)
  An adder skeleton (D:4)
  2 adder zombies
  4 worms
  3 dart slugs
  7 leopard geckos
  76 orcs
  A ball python (D:3)
  7 bats
  A bat zombie (D:2)
  4 giant cockroaches
  7 goblins
  8 hobgoblins
  11 jackals
  22 kobolds
  A quokka (D:11)
  13 frilled lizards
  A leopard gecko skeleton (D:7)
  A quokka zombie (D:7)
  A rat (D:2)
  A fungus (Lair:5)
  2 plants
624 creatures vanquished.

Vanquished Creatures (others)
  A dream sheep (Lair:4)
  2 orc wizards (Orc:2)
  47 fungi
  27 plants
77 creatures vanquished.

Grand Total: 701 creatures vanquished

Notes
Turn   | Place    | Note
-------+----------+-------------------------------------------
     0 | D:1      | Lanoc the Draconian Gladiator began the quest for the Orb.
     0 | D:1      | Reached XP level 1. HP: 17/17 MP: 1/1
    72 | D:1      | Reached XP level 2. HP: 15/25 MP: 2/2
   428 | D:1      | Reached XP level 3. HP: 14/30 MP: 3/3
   914 | D:2      | Found a transporter.
   925 | D:2      | Found a basalt altar of Yredelemnul.
   925 | D:2      | Found an ancient bone altar of Kikubaaqudgha.
   925 | D:2      | Noticed Menkaure
   933 | D:2      | Killed Menkaure
   933 | D:2      | Reached skill level 4 in Axes
   933 | D:2      | Reached XP level 4. HP: 4/38 MP: 4/4
   933 | D:2      | Reached XP level 5. HP: 5/45 MP: 5/5
   942 | D:2      | Found a transporter.
   995 | D:2      | Noticed Terence
  1017 | D:2      | Killed Terence
  1353 | D:2      | Reached skill level 5 in Axes
  1618 | D:3      | Noticed an ogre
  1626 | D:3      | Killed an ogre
  1626 | D:3      | Reached XP level 6. HP: 31/52 MP: 6/6
  2177 | D:4      | Noticed Blork the orc
  2189 | D:4      | Killed Blork the orc
  2189 | D:4      | Reached skill level 6 in Axes
  2189 | D:4      | Your scales start taking on a dull iron-grey colour.
  2189 | D:4      | Reached XP level 7. HP: 27/60 MP: 7/7
  2189 | D:4      | Gained mutation: You can survive without breathing. [Grey
                  | Draconian growth]
  2208 | D:4      | HP: 3/60 [iguana (9)]
  2213 | D:4      | HP: 2/60 [poisoned by a worker ant]
  2565 | D:4      | Noticed Ijyb
  2742 | D:4      | Reached skill level 5 in Fighting
  2820 | D:4      | Killed Ijyb
  3262 | D:4      | Reached skill level 7 in Axes
  3396 | D:5      | Entered Level 5 of the Dungeon
  3559 | D:5      | Reached skill level 5 in Dodging
  3559 | D:5      | Reached XP level 8. HP: 56/69 MP: 8/8
  3590 | D:5      | Found a staircase to the Ecumenical Temple.
  3618 | Temple   | Entered the Ecumenical Temple
  3654 | Temple   | Became a worshipper of Uskayaw the Reveler
  3723 | D:5      | Found a stormy altar of Qazlal.
  3723 | D:5      | Noticed an air elemental
  3758 | D:5      | Reached * piety under Uskayaw
  3869 | D:5      | Reached ** piety under Uskayaw
  4077 | D:6      | Reached *** piety under Uskayaw
  4078 | D:6      | Reached skill level 8 in Axes
  4079 | D:6      | Reached **** piety under Uskayaw
  4083 | D:6      | Reached ***** piety under Uskayaw
  4374 | D:6      | Found Jyrudul's Magic Scroll Emporium.
  4634 | D:6      | Found a white marble altar of Elyvilon.
  4821 | D:6      | Reached XP level 9. HP: 78/78 MP: 9/9
  4941 | D:7      | Reached skill level 9 in Axes
  4972 | D:7      | Found Ilae's Food Emporium.
  5490 | D:8      | Reached skill level 10 in Axes
  5611 | D:8      | Reached skill level 1 in Invocations
  5661 | D:8      | Paralysed by a hornet for 3 turns
  6040 | D:8      | Reached XP level 10. HP: 82/88 MP: 11/11
  7103 | D:9      | Reached skill level 11 in Axes
  7148 | D:9      | Reached skill level 5 in Invocations
  7553 | D:9      | Found a staircase to the Lair.
  7772 | D:9      | Found a runed translucent door.
  7775 | D:9      | Noticed Qawul's ghost (novice DEEE)
  7775 | D:9      | Identified the cursed +1 spear of Edikha {drain, *Corrode
                  | rF+ rC+}
  7963 | D:9      | Found a shimmering altar of Xom.
  7978 | D:9      | Found a stormy altar of Qazlal.
  7978 | D:9      | Found a burning altar of Makhleb.
  7983 | D:9      | Found a glowing silver altar of Zin.
  8390 | D:10     | Entered Level 10 of the Dungeon
  8404 | D:10     | Reached XP level 11. HP: 63/97 MP: 15/15
  8848 | D:10     | You fall into a shaft and drop 2 floors!
  9335 | D:13     | Noticed a centaur warrior
  9364 | D:13     | Killed a centaur warrior
  9688 | D:12     | Reached skill level 12 in Axes
  9727 | D:12     | Noticed a two-headed ogre
  9742 | D:12     | Killed a two-headed ogre
  9766 | D:12     | Reached ****** piety under Uskayaw
 10046 | D:12     | Identified Sif Muna's Papyrus of Dark Arts and the
                  | Entourage
 10076 | D:12     | Learned a level 1 spell: Apportation
 10078 | D:12     | Learned a level 1 spell: Summon Butterflies
 10090 | D:12     | Found a staircase to the Orcish Mines.
 10895 | D:13     | Reached skill level 10 in Fighting
 10910 | D:13     | Noticed a red ugly thing
 10919 | D:13     | Killed a red ugly thing
 11123 | D:13     | Noticed Urug
 11406 | D:11     | Reached XP level 12. HP: 99/106 MP: 18/18
 12024 | D:11     | Noticed Erolcha
 12026 | D:11     | Paralysed by Erolcha for 2 turns
 12037 | D:11     | Killed Erolcha
 12096 | D:11     | Reached skill level 13 in Axes
 13242 | D:9      | Reached skill level 10 in Invocations
 13290 | D:9      | Killed Qawul's ghost
 13290 | D:9      | Reached skill level 1 in Shields
 13465 | Orc:1    | Entered Level 1 of the Orcish Mines
 13465 | Orc:1    | Found Koifuvo's Armour Boutique.
 13778 | Orc:1    | Noticed a two-headed ogre
 13788 | Orc:1    | Killed a two-headed ogre
 13958 | Orc:1    | Found a roughly hewn altar of Beogh.
 14073 | Orc:2    | Entered Level 2 of the Orcish Mines
 14693 | Orc:2    | Found Pouja's Food Boutique.
 14707 | Orc:2    | Found Bommuirhac's Magic Scroll Emporium.
 14735 | Orc:2    | Bought a scroll of acquirement for 884 gold pieces
 14737 | Orc:2    | Got a crystal lajatang
 14743 | Orc:2    | Identified the +10 lajatang of Cataclysm {antimagic, rPois
                  | Str-5 Dex+6} (You acquired it on level 2 of the Orcish
                  | Mines)
 15072 | Orc:2    | Found a staircase to the Elven Halls.
 15184 | Orc:2    | Found Zyrch's Gadget Emporium.
 15184 | Orc:2    | Found Ushocrofiu's General Store.
 15244 | Orc:2    | Bought a potion of curing for 48 gold pieces
 15244 | Orc:2    | Bought a potion of might for 64 gold pieces
 15359 | Orc:2    | Found a roughly hewn altar of Beogh.
 15626 | Lair:1   | Entered Level 1 of the Lair of Beasts
 15733 | Lair:1   | Noticed Sonja
 15744 | Lair:1   | Reached XP level 13. HP: 76/115 MP: 21/21
 15749 | Lair:1   | Killed Sonja
 16647 | Lair:2   | Noticed Fannar
 16683 | Lair:2   | Killed Fannar
 17043 | Lair:2   | Found a staircase to the Snake Pit.
 17190 | Lair:2   | Noticed Harold
 17205 | Lair:2   | Killed Harold
 17205 | Lair:2   | Reached skill level 14 in Axes
 17209 | Lair:2   | Noticed Gastronok
 17230 | Lair:2   | Killed Gastronok
 18195 | Lair:4   | Reached skill level 10 in Dodging
 18784 | Lair:4   | Noticed a dire elephant
 18802 | Lair:4   | Killed a dire elephant
 19123 | Lair:4   | Reached XP level 14. HP: 87/125 MP: 23/23
 19216 | Lair:4   | Found a staircase to the Swamp.
 19591 | Lair:4   | Reached skill level 15 in Axes
 19821 | Lair:5   | Found a staircase to the Slime Pits.
 19821 | Lair:5   | Found a viscous altar of Jiyva.
 20454 | Lair:5   | You fall into a shaft and drop 1 floor!
 20454 | Lair:6   | Entered Level 6 of the Lair of Beasts
 20549 | Lair:6   | Found a frozen archway.
 20596 | IceCv    | Entered an ice cave
 20915 | IceCv    | Killed from afar by an ice dragon

Levels and vault maps discovered:
D:1:      dpeg_arrival_tiny_d, layout_loops_ring, serial_bayou_pond_d,
          serial_bayou_pond_c
D:2:      layout_loops_ring, gammafunk_temple_of_torment, uniq_terence
D:3:      layout_rooms, first_ration, minmay_stone_trees_small
D:4:      layout_cave_pods, grunt_decor_fettered, minmay_fractal_squares_5,
          uniq_ijyb, uniq_blork_the_orc
D:5:      layout_rooms, minmay_temple_entry_mini_moons,
          nicolae_qazlal_style_of_elements
D:6:      layout_loops_ring, basic_altar, serial_shops, shop
D:7:      layout_rooms, serial_shops, shop, kennysheep_generic_room_13
D:8:      layout_loops_ring, grunt_ogre_cave
D:9:      layout_loops_ring, minitemple, minmay_lair_entry_grove,
          ebering_ghost_funeral_grove, minivault_25
D:10:     layout_irregular_city
D:11:     layout_layer_cave, uniq_erolcha
D:12:     layout_basic, erik_orc_1, minmay_radiant
D:13:     layout_small_grid, serial_co_window_serial, co_window_paths_a,
          co_window_paths_b, co_window_corner_a, co_window_corner_a,
          co_window_corner_a, co_window_2corner, co_window_broadway_c,
          co_window_of_opportunity_c, co_window_2corner, co_window_corner_cb,
          co_window_unsneaky_path_d, glass_columns_a, glass_columns_a,
          glass_columns_c, glass_columns_a, uniq_urug
Temple:   compressed_dpeg_circular_temple
Lair:1:   layout_layer_cave, lemuel_fruit_tree, uniq_sonja
Lair:2:   layout_big_grid, minmay_snake_entry_six_corridors, uniq_harold,
          uniq_fannar, uniq_gastronok
Lair:3:   layout_roguey
Lair:4:   mu_elephants_graveyard, layout_small_grid, minmay_swamp_entry_wisps
Lair:5:   layout_loops_ring, slime_altar_1
Lair:6:   grunt_lair_end_beastmaster, layout_layer_cave,
          portal_ice_cave_entry_pillars_1, uniq_rupert
Orc:1:    layout_caves, serial_shops, shop, basic_altar, uniq_erica,
          uniq_jorgrun, uniq_snorg
Orc:2:    st_orc_town, layout_caves
IceCv:    ice_cave_small_dragons

Skill      XL: |  1  2  3  4  5  6  7  8  9 10 11 12 13 14 |
---------------+-------------------------------------------+-----
Dodging        | 3 4 5 6 7 8 9 10 | 10.7
Fighting       | 3 4 5 6 8 9 10 11 12 | 12.2
Axes           | 4 5 6 7 8 10 11 12 13 14 15 | 15.5
Invocations    | 2 6 9 11 12 13 | 13.6
Shields        | 2 4 |  4.0
Throwing       | |  1.7

Action                   |  1- 3 |  4- 6 |  7- 9 | 10-12 | 13-15 || total
-------------------------+-------+-------+-------+-------+-------++-------
Melee: War axe           |    97 |    97 |   434 |   971 |   642 ||  2241
       Tailslap          |     9 |    14 |    75 |   193 |   120 ||   411
Throw: Throwing net      |     1 |     2 |     3 |     2 |       ||     8
       Dart              |       |       |       |       |     1 ||     1
Invok: Grand Finale      |       |       |       |     1 |     3 ||     4
Evoke: Wand              |       |       |       |       |     4 ||     4
  Use: Potion            |     1 |     1 |     2 |     5 |       ||     9
       Scroll            |       |       |    11 |    13 |     3 ||    27
 Stab: Distracted        |     1 |       |       |       |       ||     1
       Held in net/web   |       |     1 |     3 |     1 |       ||     5
       Sleeping          |       |     2 |     4 |     1 |     1 ||     8
       Paralysed         |       |       |    14 |   116 |    95 ||   225
       Confused          |       |       |       |     2 |       ||     2
  Eat: Chunk             |       |     4 |    15 |    26 |    19 ||    64
       Ration            |       |       |     1 |     3 |       ||     4
Armor: Skin              |    26 |    31 |   174 |   261 |   190 ||   682
Dodge: Dodged            |    59 |    69 |   349 |   736 |   472 ||  1685
Block: Buckler           |       |       |       |    61 |   149 ||   210
